 Dungeon Crawl Stone Soup version 0.30-a0-696-g2367cd04db (webtiles) character file.

Game seed: 10817653608267496497

2257 OTABOTABOTAB the Conjurer (level 9, 0/51 HPs)
             Began as an Octopode Conjurer on Jan 21, 2023.
             Was an Initiate of Gozag.
             Slain by a sky beast (1 damage)
             ... on level 7 of the Dungeon.
             The game lasted 00:13:26 (9011 turns).

OTABOTABOTAB the Conjurer (Octopode Conjurer)       Turns: 9011, Time: 00:13:26

Health: 0/51       AC:  1    Str:  8    XL:     9   Next: 37%
Magic:  2/17       EV: 15    Int: 23    God:    Gozag
Gold:   345        SH:  0    Dex: 16    Spells: 8/19 levels left

rFire   . . .      SeeInvis .    o - staff of air {rElec}
rCold   . . .      Faith    .    (no shield)
rNeg    . . .      Spirit   .    (helmet restricted)
rPois   .          Reflect  .    (no amulet)
rElec   +          Harm     .    m - +6 ring of dexterity
rCorr   .          Rampage  .    (no ring)
Will    .....                    (no ring)
Stlth   ++++                     (no ring)
HPRegen 0.28/turn                (no ring)
MPRegen 0.15/turn                (no ring)
                                 (no ring)
                                 (no ring)

@: no status effects
A: almost no armour, amphibious, 8 rings, camouflage 1, gelatinous body 1,
(nimble swimmer 1), tentacles
a: Renounce Religion, Potion Petition, Call Merchant, Bribe Branch


You were on level 7 of the Dungeon.
You worshipped Gozag.
Gozag was aware of your devotion.
You visited 2 branches of the dungeon, and saw 8 of its levels.

You collected 450 gold pieces.
You paid 105 gold pieces to Gozag.

Inventory:

Hand Weapons
 b - a +1 short sword
   (You took it off a kobold on level 1 of the Dungeon)
Missiles
 a - 9 boomerangs
 c - 6 atropa-tipped darts
 g - 20 poisoned darts
 s - 82 stones
Magical Staves
 o - a staff of air (weapon) {rElec}
   (You found it on level 2 of the Dungeon)
Jewellery
 m - a +6 ring of dexterity (left tentacle)
   (You found it on level 4 of the Dungeon)
Scrolls
 d - a scroll of enchant weapon
 f - 3 scrolls of enchant armour
 E - a scroll of fear
 K - 2 scrolls of immolation {!r}
 X - a scroll of magic mapping {@r4!r}
Potions
 e - a potion of resistance
 h - a potion of curing {unknown}
 i - 2 potions of might {unknown}
 j - 2 potions of brilliance {unknown}
 l - 2 potions of cancellation
 G - 2 potions of ambrosia {!q}
 I - 2 potions of invisibility
 M - a potion of magic
 N - a potion of heal wounds {@q2}
 P - 4 potions of lignification {!q}


   Skills:
 - Level 4.3 Dodging
 - Level 6.1 Stealth
 + Level 5.7 Spellcasting
 + Level 7.2 Conjurations
 - Level 5.0 Hexes
 + Level 4.2 Translocations


You had 8 spell levels left.
You knew the following spells:

 Your Spells              Type           Power      Damage    Failure   Level
a - Magic Dart            Conj           100%       1d8       1%          1
b - Searing Ray           Conj           80%        2d7       1%          2
c - Fulminant Prism       Conj/Hex       17%        3d10      7%          4
x - Iskenderun's Mystic   Conj/Tloc      33%        2d8       9%          4

Your spell library contained the following spells:

 Spells                   Type           Power      Damage    Failure   Level
 Dazzling Flash           Conj/Hex       68%        N/A       2%          3


Dungeon Overview and Level Annotations

Branches:
Dungeon (7/15)             Temple (1/1) D:6

Altars:
Ashenzari
Cheibriados
Dithmenos
Elyvilon
Fedhas
Gozag
Hepliaklqana
Kikubaaqudgha
Makhleb
Nemelex Xobeh
Qazlal
Ru
Trog
Uskayaw
Vehumet
Wu Jian
Xom
Yredelemnul
Zin
The Shining One

Annotations:
D:4 2 transporters, relicbr's ghost, novice DsNe
D:5 2 transporters


Innate Abilities, Weirdness & Mutations

You cannot wear most types of armour.
You are amphibious.
You can wear up to eight rings at the same time.
Your skin changes colour to match your surroundings (Stealth+).
Your rubbery body absorbs attacks. (AC +1, EV +1)
((You are camouflaged when in or above water. (Stealth+)))
You have tentacles for arms and can constrict up to eight enemies at once.


Message History

You kill the iguana!
You now have 336 gold pieces (gained 6).
There is an open door here.
Your magical contamination has completely faded away.
You now have 345 gold pieces (gained 9).
Things that are here:
4 gold pieces; a +0 short sword; a +0 ring mail You see here 14 gold pieces.
A sky beast appears from thin air!
Health restored: 51 A hound comes into view.
The hound barks!
The hound moves out of view.
Found 2 amethyst potions.
Found a stone staircase leading up.
Found a war axe.
Found an escape hatch in the ceiling.
The magic dart hits the hound.
You now have 2/17 mp.
The magic dart hits the hound.
You now have 1/17 mp.
You barely miss the hound. You grab the hound.
You constrict the hound, but do no damage.
The hound closely misses you. The hound bites you.
You take 5 damage, and have 46/51 hp.
You hit the hound. You constrict the hound. The hound bites you.
The hound misses you.
You take 2 damage, and have 44/51 hp.
You hit the hound. You squeeze the hound.
You kill the hound!
The sky beast misses you.
You see here 4 gold pieces.
The sky beast attacks as you move away! The sky beast hits you.
The sky beast shocks you. You resist.
You take 4 damage, and have 41/51 hp.
You hit the sky beast. You squeeze the sky beast!
The sky beast closely misses you.
You miss the sky beast. The sky beast closely misses you.
You hit the sky beast but do no damage. The sky beast hits you.
The sky beast shocks you. You resist.
You take 4 damage, and have 38/51 hp.
You hit the sky beast but do no damage. The sky beast hits you.
The sky beast shocks you. You resist. The sky beast hits you.
The sky beast shocks you. You resist.
You take 6 damage, and have 32/51 hp.
You hit the sky beast but do no damage. Your squeeze misses the sky beast.
The sky beast hits you. The sky beast shocks you. You resist.
You take 2 damage, and have 30/51 hp.
You barely miss the sky beast.
You hear the slow hiss of an avalanche of sand nearby.
The sky beast hits you. The sky beast shocks you. You resist.
You take 5 damage, and have 25/51 hp.
Aim: a sky beast (moderately wounded, 75% to hit)
The searing ray hits the sky beast! (Press . to maintain the ray.)
The sky beast closely misses you.
You now have 1/17 mp.
The searing ray hits the sky beast.
The sky beast closely misses you.
You now have 0/17 mp.
Without enough magic to sustain it, your searing ray dissipates.
The sky beast flickers out of sight!
Deactivating autopickup; reactivate with Ctrl-A.
Something hits you. Something shocks you. You resist.
You take 6 damage, and have 20/51 hp.
Unknown command.
You hit something. Something hits you. Something shocks you. You resist.
* * * LOW HITPOINT WARNING * * *
You take 5 damage, and have 15/51 hp.
You closely miss something. Your squeeze misses something.
Something barely misses you.
You hit something but do no damage. Something completely misses you.
Something hits you.
* * * LOW HITPOINT WARNING * * *
Something shocks you. You resist.
* * * LOW HITPOINT WARNING * * *
You take 2 damage, and have 14/51 hp.
You closely miss something. Something hits you.
* * * LOW HITPOINT WARNING * * *
Something shocks you. You resist.
* * * LOW HITPOINT WARNING * * *
You take 2 damage, and have 12/51 hp.
You miss something. Something barely misses you.
You miss something. Your squeeze misses something.
A sky beast appears from thin air!
Reactivating autopickup.
The sky beast hits you.
* * * LOW HITPOINT WARNING * * *
The sky beast shocks you. You resist.
* * * LOW HITPOINT WARNING * * *
You take 4 damage, and have 9/51 hp.
You hit the sky beast but do no damage.
The sky beast flickers out of sight!
Deactivating autopickup; reactivate with Ctrl-A.
Something hits you.
* * * LOW HITPOINT WARNING * * *
Something shocks you. You resist.
* * * LOW HITPOINT WARNING * * *
You take 7 damage, and have 2/51 hp.
You hit something. Your squeeze misses something. Something hits you.
* * * LOW HITPOINT WARNING * * *
Something shocks you. You resist.
You die...
Your body crumbles into a pile of gold.

$ .... #.##.####'####.
.#......##.##...$$......
....)...#..###......####
#..................#..#.
#.......#...............
#.......#....#..##......
<.......................
.............#..#..#..#.
)......@......#..#..#..#
#<.....{...#...#..#..#..
#..........#.#..#..#..#.
..............#..#..#..#
........................
#!.#..................##
#..#...............####
.. ..............#..##
...............##..##


There were no monsters in sight!

Vanquished Creatures
  Eustachio (D:4)
  A water moccasin (D:7)
  2 ice beasts
  A sky beast (D:6)
  An ogre (D:5)
  2 black bears
  Blork the orc (D:4)
  A necrophage (D:6)
  A bullfrog (D:6)
  10 scorpions
  A howler monkey (D:4)
  2 jellies (D:4)
  5 hounds
  2 iguanas
  4 orc wizards
  Robin (D:4)
  13 adders
  A shadow imp (D:6)
  2 worms (D:2)
  4 dart slugs
  16 orcs
  6 ball pythons
  16 endoplasms
  3 giant cockroaches (D:2)
  16 goblins
  8 hobgoblins
  3 jackals (D:1)
  3 quokkas
  10 bats
  24 kobolds
  6 rats
167 creatures vanquished.

Vanquished Creatures (others)
  3 fulminant prisms
  10 fungi
  10 toadstools (D:4)
23 creatures vanquished.

Grand Total: 190 creatures vanquished

Notes
Turn   | Place    | Note
-------+----------+-------------------------------------------
     0 | D:1      | OTABOTABOTAB the Octopode Conjurer began the quest for the
                  | Orb.
     0 | D:1      | Reached XP level 1. HP: 11/11 MP: 3/3
   251 | D:1      | Reached skill level 3 in Stealth
   251 | D:1      | Reached XP level 2. HP: 17/17 MP: 3/5
   541 | D:1      | Learned a level 2 spell: Searing Ray
   562 | D:1      | You fall into a shaft and drop 1 floor!
   871 | D:1      | Reached XP level 3. HP: 21/21 MP: 4/6
  1651 | D:2      | Reached XP level 4. HP: 27/27 MP: 4/7
  1697 | D:2      | Found a faded altar of an unknown god.
  2316 | D:2      | Reached skill level 4 in Stealth
  2730 | D:3      | Learned a level 4 spell: Fulminant Prism
  2994 | D:3      | Found a shadowy altar of Dithmenos.
  2996 | D:3      | Found a hide-covered altar of Uskayaw.
  3596 | D:4      | Noticed a scorpion
  3608 | D:4      | Killed a scorpion
  3609 | D:4      | Reached skill level 3 in Dodging
  3609 | D:4      | Reached skill level 3 in Spellcasting
  3609 | D:4      | Reached XP level 5. HP: 16/31 MP: 1/9
  3699 | D:4      | Noticed Blork the orc
  3710 | D:4      | HP: 7/31 [Blork the orc/puff of frost (10)]
  3862 | D:4      | Reached skill level 1 in Hexes
  3953 | D:4      | Killed Blork the orc
  3954 | D:4      | Reached XP level 6. HP: 36/36 MP: 3/10
  4223 | D:4      | Noticed a black bear
  4243 | D:4      | Killed a black bear
  4244 | D:4      | Reached skill level 5 in Stealth
  4244 | D:4      | Reached skill level 5 in Conjurations
  4502 | D:4      | Reached skill level 2 in Hexes
  4502 | D:4      | Reached XP level 7. HP: 41/41 MP: 7/12
  4658 | D:4      | Found a transporter.
  4658 | D:4      | Noticed relicbr's ghost (novice DsNe)
  4787 | D:4      | Noticed Robin
  4794 | D:4      | Noticed Eustachio
  4806 | D:4      | Killed Robin
  4839 | D:4      | HP: 9/41 [Eustachio/+0 rapier (4)]
  4846 | D:4      | Killed Eustachio
  4847 | D:4      | Reached skill level 4 in Dodging
  5311 | D:4      | Reached skill level 6 in Stealth
  5311 | D:4      | Reached skill level 4 in Spellcasting
  5447 | D:4      | Found a shimmering altar of Xom.
  5447 | D:4      | Found a basalt altar of Yredelemnul.
  5550 | D:4      | Found a transporter.
  5712 | D:5      | Entered Level 5 of the Dungeon
  5718 | D:5      | Learned a level 4 spell: Iskenderun's Mystic Blast
  5867 | D:5      | Reached skill level 3 in Hexes
  5867 | D:5      | Reached XP level 8. HP: 38/46 MP: 9/14
  6204 | D:5      | Reached skill level 1 in Translocations
  6480 | D:5      | Found a transporter.
  6510 | D:5      | Found a transporter.
  6745 | D:5      | Reached skill level 6 in Conjurations
  6805 | D:5      | Reached skill level 2 in Translocations
  7334 | D:6      | Reached skill level 4 in Hexes
  7537 | D:6      | Reached skill level 5 in Spellcasting
  7760 | D:6      | Found a staircase to the Ecumenical Temple.
  7767 | Temple   | Entered the Ecumenical Temple
  7867 | Temple   | Became a worshipper of Gozag Ym Sagoz the Greedy
  7987 | D:6      | Reached skill level 3 in Translocations
  8249 | D:6      | Reached XP level 9. HP: 51/51 MP: 8/16
  8261 | D:6      | HP: 12/51 [scorpion (7)]
  8758 | D:7      | Reached skill level 7 in Conjurations
  8758 | D:7      | Reached skill level 5 in Hexes
  8965 | D:7      | Reached skill level 4 in Translocations
  9007 | D:7      | HP: 12/51 [something (1)]
  9010 | D:7      | HP: 4/51 [something (5)]
  9011 | D:7      | HP: 1/51 [something (2)]
  9011 | D:7      | Slain by a sky beast

Illustrated notes

Levels and vault maps discovered:
D:1:      minmay_arrival_stone_box, layout_loops_ring
D:2:      layout_basic, shapermc_ecumenical_altar_mp_highgroup,
          minmay_worlds_worst_comb
D:3:      layout_loops_ring, mainiacjoe_overflow_catwalk_spiral,
          chequers_serial_rivers_large_a, kennysheep_generic_room_16
D:4:      cheibrodos_fertilizer, layout_gridville,
          mainiacjoe_overflow_big_doors, gammafunk_ghost_arena,
          minmay_goblin_kobold_house, uniq_eustachio, uniq_blork_the_orc,
          uniq_robin
D:5:      gammafunk_cloud_chamber, layout_basic
D:6:      old_forge, layout_basic, minmay_temple_entry_slanted,
          grunt_decor_one_mirror
D:7:      layout_cave_pools, enter_ossuary_3, minmay_misc_feat_diagonals,
          minmay_statues_item, grunt_tough_drop
Temple:   lightli_temple_of_artemis

Skill      XL: |  1  2  3  4  5  6  7  8  9 |
---------------+----------------------------+-----
Stealth        | 3 4 5 6 |  6.1
Dodging        | 3 4 |  4.3
Spellcasting   | 3 4 5 |  5.7
Hexes          | 1 2 3 4 5 |  5.0
Conjurations   | 5 6 7 |  7.2
Translocations | 3 4 |  4.2

Action                   |  1- 3 |  4- 6 |  7- 9 || total
-------------------------+-------+-------+-------++-------
Melee: Short sword       |    23 |       |       ||    23
       Constrict         |     6 |     2 |    11 ||    19
       Tentacles         |     1 |     8 |     9 ||    18
       Staff             |       |    14 |    47 ||    61
 Cast: Magic Dart        |    63 |    55 |   105 ||   223
       Searing Ray       |     2 |    16 |    52 ||    70
       Fulminant Prism   |       |       |     3 ||     3
  Use: Scroll            |       |    15 |     4 ||    19
       Potion            |       |       |     2 ||     2
 Stab: Sleeping          |       |     1 |       ||     1
Armor: Skin              |     2 |       |     5 ||     7
Dodge: Dodged            |    27 |     9 |    82 ||   118

Table legend: (Time is in decaauts)
 A = Elapsed time spent in this place.
 B = Non-inter-level travel time spent in this place.
 C = Inter-level travel time spent in this place.
 D = Time resting spent in this place.
 E = Time spent auto-exploring this place.
 F = Levels seen in this place.
 G = Mean time per level.
                   A        B        C        D        E       F      G
               +--------+--------+--------+--------+--------+-----+--------+
         Total |   9022 |   8720 |    302 |    946 |   6652 |   8 | 1127.8 |
       Dungeon |   8896 |   8618 |    278 |    946 |   6577 |   7 | 1270.9 |
        Temple |    125 |    101 |     24 |      0 |     75 |   1 |  125.0 |
               +--------+--------+--------+--------+--------+-----+--------+

Top non-repeatable levels by time:
     D:4: 2106 daAuts
     D:2: 1655 daAuts
     D:5: 1477 daAuts
     D:6: 1348 daAuts
     D:3: 1059 daAuts
     D:1: 983 daAuts
     D:7: 265 daAuts
  Temple: 125 daAuts

Table legend:
 A = Kills in this place as a percentage of kills in entire the game.
 B = Kills by you in this place as a percentage of kills by you in the entire game.
 C = Kills by friends in this place as a percentage of kills by friends in the entire game.
 D = Other kills in this place as a percentage of other kills in the entire game.
 E = Experience gained in this place as a percentage of experience gained in the entire game.
 F = Experience gained in this place divided by the number of levels of this place that you have seen.
                   A       B       C       D       E      F
               +-------+-------+-------+-------+-------+----------------------
         Total | 100.0 | 100.0 |   N/A |   N/A | 100.0 | 403.1
       Dungeon | 100.0 | 100.0 |   N/A |   N/A | 100.0 | 460.7
               +-------+-------+-------+-------+-------+----------------------
